Connexion

Crunch vs Barracuda

Created - 14 avril 2024 at 07:10

Goals
1 2 3 T
Crunch 0 2 1 3
Barracuda 1 3 2 6
Shots
1 2 3 T
Crunch 20 12 9 41
Barracuda 7 11 11 29

GoalsPenalties
1st period
1. Barracuda , Alexis D'Aoust 1 (Scott Harrington 2) at 0:28
Mason Shaw (SYR) for Cross-checking (Minor) at 8:36
Adam Cracknell (SAN) for Interference (Minor) at 17:27
2nd period
2. Barracuda , Julius Bergman 1 (Fredrik Olofsson 1, Jordy Bellerive 1) at 1:56
3. Crunch , Thomas Tynan 2 (Jean-Christophe Beaudin 2, Blaine Byron 4) at 3:38
4. Barracuda , Alexis D'Aoust 2 (Alex Dostie 2, Robert Bortuzzo 2) at 4:50
5. Crunch , Garnet Hathaway 1 (Xavier Bouchard 2, Mikko Kokkonen 1) at 11:25
6. Barracuda , Alexis D'Aoust 3 (Alex Dostie 3, Andy Welinski 1) at 15:36
Matthew Phillips (SAN) for Roughing (Minor) at 9:16
3rd period
7. Crunch , Blake McLaughlin 1 (Kody Clark 1, Mikko Kokkonen 2) at 5:20
8. Barracuda , Brendan Warren 3 (Matthew Phillips 2, Robert Bortuzzo 3) at 16:26
9. Barracuda , Adam Cracknell 2 (Nicolas Meloche 3, Brendan Warren 1) at 17:34 (PP)
Jean-Christophe Beaudin (SYR) for Tripping (Minor) at 3:05
Graham Knott (SAN) for Cross-checking (Minor) at 7:06
Julius Bergman (SAN) for Interference (Minor) at 9:12
Riley Nash (SYR) for Interference (Minor) at 12:16
Jaycob Megna (SYR) for Roughing (Minor) at 17:23
Graham Knott (SAN) for Delaying the game (Minor) at 18:11
Goalie Stats
Magnus Chrona (SYR), 10 saves from 12 shots - (0,833), 24:24 minutes
Tyler Parsons (SYR), 13 saves from 17 shots - (0,765), L, 2-1-0, 35:36 minutes
Joel Rumpel (SAN), 38 saves from 41 shots - (0,927), W, 1-2-0, 60:00 minutes
3 StarsOfficial
1 - Alexis D'Aoust (SAN)
2 - Brendan Warren (SAN)
3 - Alex Dostie (SAN)
Referees : Dean Morton and Dan O'Rourke
Linesman : Greg Devorski and Scott Driscoll
Game Note
Alexis D'Aoust has scored a Hat Trick!
Magnus Chrona enters game at 15:36 of 2nd period
Finance
Level 1 -- Attendance: 2000 (100,00%) -- Ticket Income $70,000
Level 2 -- Attendance: 1000 (100,00%) -- Ticket Income $15,000
Total Attendance: 3000 (100,00%)
Total Ticket Income: $85,000
Other Income: $17,000
Total Income: $102,000



Team Name Goals Shots Shots Attemp Shots Blocked PIM HIT PP PK FO%
Crunch 3418068230 / 5 (0%)145%
Barracuda 629581310181 / 4 (25%)055%

Crunch
Player Name POS G A P +/- PIM HIT SHT SB MP PP MP PP SHT PK MP PK SHT FO% FOT
Austin StrandD000-4013125:085:0333:2200% 0
Axel AnderssonD0000011020:334:3512:2400% 0
Blaine ByronC/LW011-1017020:213:5322:23050% 2
Blake McLaughlinC/LW101000116:530:0000:0000% 0
Connor CorcoranD0000051020:434:4112:2800% 0
Garnet HathawayRW1011033014:460:1802:4800% 1
Jaycob MegnaD000-4232025:075:0303:2200% 0
Jean-Christophe BeaudinC/RW011-1234019:374:0701:26044% 9
Kody ClarkRW011000008:371:4400:00033% 3
Mason ShawC/LW000-2223017:495:3310:4700% 1
Mike VecchioneC/RW000-2004023:075:3310:000100% 4
Mikko KokkonenD0222010314:150:0600:1800% 0
Nicolas Aube-KubelRW000000006:214:1101:2100% 0
Patrick HarperC/LW0001003011:400:0000:00031% 13
Paul BittnerLW0001004011:400:0000:0000% 0
Riley NashC000-2211113:390:0002:10043% 23
Thomas TynanC101-1024019:193:5301:21050% 28
Xavier BouchardD0112000014:130:0000:2200% 0
Barracuda
Player Name POS G A P +/- PIM HIT SHT SB MP PP MP PP SHT PK MP PK SHT FO% FOT
Adam Cracknell C/LW/RW1010213325:193:3314:15063% 38
Albin GreweLW/RW000000001:091:0900:0000% 0
Alex DostieC/LW0223011020:352:2504:11048% 25
Alexis D'AoustC/RW3033014016:242:2500:0000% 0
Anatoly GolyshevLW/RW000000003:150:1000:0000% 0
Andrei AltybarmakyanRW000-1011012:370:0000:000100% 1
Andy WelinskiD0111001121:282:5204:4010% 0
Brendan WarrenC/LW1120034025:362:3405:300100% 2
Dmitry ZavgorodniyLW000000000:100:1000:0000% 0
Fredrik OlofssonC/LW011-1002112:370:0000:0000% 0
Graham KnottC/LW0003404116:522:2500:3000% 0
Jordy BelleriveC011-1002015:120:0002:35044% 16
Julius BergmanD101-1253012:590:0000:0000% 0
Matthew PhillipsC/RW0110212120:263:3302:2710% 2
Nicolas MelocheD0112032225:323:1615:0400% 0
Robert BortuzzoD0222010425:323:1605:0400% 0
Scott HarringtonD0111010021:282:5204:4000% 0
Stepan FalkovskyD000-1000013:000:0000:0000% 0



Play-by-Play

1st period


0:01 of 1st period - Adam Cracknell wins face-off versus Riley Nash in neutral zone.
0:20 of 1st period - Shot by Mike Vecchione.
0:20 of 1st period - Stopped by Joel Rumpel without a rebound.
0:21 of 1st period - Thomas Tynan wins face-off versus Alex Dostie in Barracuda zone.
0:22 of 1st period - Shot by Jean-Christophe Beaudin.
0:22 of 1st period - Shot Misses the Net.
0:28 of 1st period - Shot by Alexis D'Aoust.
0:28 of 1st period - Goal by Alexis D'Aoust - Crunch : 0 - Barracuda : 1.
0:29 of 1st period - Andrei Altybarmakyan wins face-off versus Patrick Harper in neutral zone.
0:29 of 1st period - Andrei Altybarmakyan is hit by Garnet Hathaway.
0:33 of 1st period - Shot by Julius Bergman.
0:33 of 1st period - Stopped by Tyler Parsons without a rebound.
0:34 of 1st period - Adam Cracknell wins face-off versus Kody Clark in Crunch zone.
1:09 of 1st period - Shot by Kody Clark.
1:09 of 1st period - Shot Misses the Net.
1:11 of 1st period - Shot by Jaycob Megna.
1:11 of 1st period - Stopped by Joel Rumpel with a rebound.
1:13 of 1st period - Shot by Mike Vecchione.
1:13 of 1st period - Shot Misses the Net.
1:15 of 1st period - Shot by Mike Vecchione.
1:15 of 1st period - Shot Blocked by Robert Bortuzzo.
1:37 of 1st period - Shot by Jean-Christophe Beaudin.
1:37 of 1st period - Shot Misses the Net.
1:39 of 1st period - Shot by Blaine Byron.
1:39 of 1st period - Stopped by Joel Rumpel with a rebound.
1:41 of 1st period - Shot by Jean-Christophe Beaudin.
1:41 of 1st period - Stopped by Joel Rumpel with a rebound.
1:53 of 1st period - Shot by Jean-Christophe Beaudin.
1:53 of 1st period - Stopped by Joel Rumpel without a rebound.
1:54 of 1st period - Patrick Harper wins face-off versus Alex Dostie in Barracuda zone.
2:01 of 1st period - Shot by Garnet Hathaway.
2:01 of 1st period - Shot Misses the Net.
2:03 of 1st period - Shot by Garnet Hathaway.
2:03 of 1st period - Deflect By Paul Bittner.
2:03 of 1st period - Stopped by Joel Rumpel without a rebound.
2:04 of 1st period - Jordy Bellerive wins face-off versus Patrick Harper in Barracuda zone.
2:15 of 1st period - Shot by Patrick Harper.
2:15 of 1st period - Shot Blocked by Fredrik Olofsson.
2:17 of 1st period - Shot by Patrick Harper.
2:17 of 1st period - Stopped by Joel Rumpel with a rebound.
2:19 of 1st period - Shot by Garnet Hathaway.
2:19 of 1st period - Stopped by Joel Rumpel without a rebound.
2:20 of 1st period - Riley Nash wins face-off versus Alex Dostie in Barracuda zone.
2:20 of 1st period - Riley Nash is hit by Scott Harrington.
2:38 of 1st period - Shot by Andy Welinski.
2:38 of 1st period - Shot Misses the Net.
2:40 of 1st period - Shot by Alex Dostie.
2:40 of 1st period - Stopped by Tyler Parsons without a rebound.
2:41 of 1st period - Jordy Bellerive wins face-off versus Thomas Tynan in Crunch zone.
2:41 of 1st period - Jordy Bellerive is hit by Connor Corcoran.
3:02 of 1st period - Shot by Blaine Byron.
3:02 of 1st period - Stopped by Joel Rumpel with a rebound.
3:04 of 1st period - Shot by Connor Corcoran.
3:04 of 1st period - Shot Misses the Net.
3:15 of 1st period - Fredrik Olofsson is hit by Connor Corcoran.
3:18 of 1st period - Icing by Axel Andersson.
3:19 of 1st period - Adam Cracknell wins face-off versus Blaine Byron in Crunch zone.
3:19 of 1st period - Adam Cracknell is hit by Connor Corcoran.
5:47 of 1st period - Garnet Hathaway is hit by Julius Bergman.
7:08 of 1st period - Adam Cracknell is hit by Mikko Kokkonen and loses puck.
7:29 of 1st period - Shot by Patrick Harper.
7:29 of 1st period - Shot Blocked by Andy Welinski.
7:33 of 1st period - Shot by Jaycob Megna.
7:33 of 1st period - Stopped by Joel Rumpel without a rebound.
7:34 of 1st period - Alex Dostie wins face-off versus Patrick Harper in Barracuda zone.
8:36 of 1st period - Minor Penalty to Mason Shaw for Cross-checking.
8:37 of 1st period - Riley Nash wins face-off versus Adam Cracknell in Crunch zone.
9:18 of 1st period - Graham Knott is hit by Thomas Tynan and loses puck.
9:45 of 1st period - Jean-Christophe Beaudin is hit by Alex Dostie and loses puck.
10:51 of 1st period - Shot by Andrei Altybarmakyan.
10:51 of 1st period - Shot Misses the Net.
10:55 of 1st period - Shot by Jordy Bellerive.
10:55 of 1st period - Stopped by Tyler Parsons with a rebound.
10:57 of 1st period - Shot by Fredrik Olofsson.
10:57 of 1st period - Deflect By Andrei Altybarmakyan.
10:57 of 1st period - Shot Misses the Net.
10:59 of 1st period - Shot by Andrei Altybarmakyan.
10:59 of 1st period - Stopped by Tyler Parsons without a rebound.
11:00 of 1st period - Thomas Tynan wins face-off versus Jordy Bellerive in Crunch zone.
11:27 of 1st period - Icing by Stepan Falkovsky.
11:28 of 1st period - Riley Nash wins face-off versus Jordy Bellerive in Barracuda zone.
11:53 of 1st period - Shot by Mike Vecchione.
11:53 of 1st period - Shot Hit the Post.
12:30 of 1st period - Garnet Hathaway is hit by Nicolas Meloche and loses puck.
12:41 of 1st period - Shot by Alex Dostie.
12:41 of 1st period - Deflect By Alexis D'Aoust.
12:41 of 1st period - Shot Misses the Net.
12:43 of 1st period - Shot by Graham Knott.
12:43 of 1st period - Stopped by Tyler Parsons with a rebound.
12:45 of 1st period - Shot by Robert Bortuzzo.
12:45 of 1st period - Shot Misses the Net.
13:05 of 1st period - Shot by Paul Bittner.
13:05 of 1st period - Stopped by Joel Rumpel without a rebound.
13:06 of 1st period - Thomas Tynan wins face-off versus Adam Cracknell in Barracuda zone.
13:33 of 1st period - Shot by Blaine Byron.
13:33 of 1st period - Stopped by Joel Rumpel without a rebound.
13:34 of 1st period - Mike Vecchione wins face-off versus Alex Dostie in Barracuda zone.
13:39 of 1st period - Shot by Blake McLaughlin.
13:39 of 1st period - Shot Blocked by Robert Bortuzzo.
13:59 of 1st period - Shot by Graham Knott.
13:59 of 1st period - Stopped by Tyler Parsons with a rebound.
14:03 of 1st period - Shot by Alex Dostie.
14:03 of 1st period - Shot Blocked by Blake McLaughlin.
14:18 of 1st period - Icing by Robert Bortuzzo.
14:19 of 1st period - Thomas Tynan wins face-off versus Alex Dostie in Barracuda zone.
14:20 of 1st period - Shot by Jean-Christophe Beaudin.
14:20 of 1st period - Stopped by Joel Rumpel without a rebound.
14:21 of 1st period - Thomas Tynan wins face-off versus Adam Cracknell in Barracuda zone.
14:34 of 1st period - Shot by Blaine Byron.
14:34 of 1st period - Stopped by Joel Rumpel without a rebound.
14:35 of 1st period - Jordy Bellerive wins face-off versus Patrick Harper in Barracuda zone.
14:41 of 1st period - Icing by Patrick Harper.
14:42 of 1st period - Adam Cracknell wins face-off versus Patrick Harper in Crunch zone.
15:11 of 1st period - Shot by Patrick Harper.
15:11 of 1st period - Stopped by Joel Rumpel with a rebound.
15:47 of 1st period - Shot by Mason Shaw.
15:47 of 1st period - Stopped by Joel Rumpel without a rebound.
15:48 of 1st period - Thomas Tynan wins face-off versus Alex Dostie in Barracuda zone.
15:52 of 1st period - Thomas Tynan is hit by Robert Bortuzzo and loses puck.
16:09 of 1st period - Shot by Thomas Tynan.
16:09 of 1st period - Stopped by Joel Rumpel without a rebound.
16:10 of 1st period - Riley Nash wins face-off versus Jordy Bellerive in Barracuda zone.
16:10 of 1st period - Riley Nash is hit by Julius Bergman.
16:30 of 1st period - Shot by Mike Vecchione.
16:30 of 1st period - Stopped by Joel Rumpel with a rebound.
16:33 of 1st period - Icing by Fredrik Olofsson.
16:34 of 1st period - Thomas Tynan wins face-off versus Jordy Bellerive in Barracuda zone.
17:13 of 1st period - Thomas Tynan is hit by Brendan Warren and loses puck.
17:27 of 1st period - Minor Penalty to Adam Cracknell for Interference.
17:28 of 1st period - Kody Clark wins face-off versus Alex Dostie in Barracuda zone.
17:29 of 1st period - Shot by Mike Vecchione.
17:29 of 1st period - Stopped by Joel Rumpel with a rebound.
17:51 of 1st period - Shot by Axel Andersson.
17:51 of 1st period - Deflect By Mason Shaw.
17:51 of 1st period - Stopped by Joel Rumpel without a rebound.
17:52 of 1st period - Jordy Bellerive wins face-off versus Thomas Tynan in Barracuda zone.
18:11 of 1st period - Shot by Nicolas Aube-Kubel.
18:11 of 1st period - Shot Misses the Net.
18:46 of 1st period - Shot by Jean-Christophe Beaudin.
18:46 of 1st period - Shot Misses the Net.
19:22 of 1st period - Shot by Nicolas Aube-Kubel.
19:22 of 1st period - Shot Misses the Net.
19:28 of 1st period - Shot by Kody Clark.
19:28 of 1st period - Shot Blocked by Graham Knott.
19:50 of 1st period - Shot by Graham Knott.
19:50 of 1st period - Deflect By Alex Dostie.
19:50 of 1st period - Shot Misses the Net.
Goals for this period are 0 for Crunch vs 1 for Barracuda.
Shots for this period are 20 for Crunch vs 7 for Barracuda.

2nd period


0:01 of 2nd period - Adam Cracknell wins face-off versus Riley Nash in neutral zone.
0:05 of 2nd period - Nicolas Meloche is hit by Jaycob Megna and loses puck.
0:26 of 2nd period - Shot by Riley Nash.
0:26 of 2nd period - Stopped by Joel Rumpel with a rebound.
0:28 of 2nd period - Shot by Mason Shaw.
0:28 of 2nd period - Shot Blocked by Adam Cracknell .
0:30 of 2nd period - Shot by Riley Nash.
0:30 of 2nd period - Shot Misses the Net.
1:06 of 2nd period - Shot by Jean-Christophe Beaudin.
1:06 of 2nd period - Shot Blocked by Nicolas Meloche.
1:08 of 2nd period - Shot by Blaine Byron.
1:08 of 2nd period - Stopped by Joel Rumpel without a rebound.
1:09 of 2nd period - Alex Dostie wins face-off versus Patrick Harper in Barracuda zone.
1:11 of 2nd period - Icing by Scott Harrington.
1:12 of 2nd period - Alex Dostie wins face-off versus Patrick Harper in Barracuda zone.
1:17 of 2nd period - Shot by Graham Knott.
1:17 of 2nd period - Shot Blocked by Mikko Kokkonen.
1:19 of 2nd period - Shot by Alexis D'Aoust.
1:19 of 2nd period - Shot Misses the Net.
1:21 of 2nd period - Shot by Scott Harrington.
1:21 of 2nd period - Shot Blocked by Mikko Kokkonen.
1:45 of 2nd period - Shot by Alex Dostie.
1:45 of 2nd period - Shot Misses the Net.
1:49 of 2nd period - Shot by Alexis D'Aoust.
1:49 of 2nd period - Stopped by Tyler Parsons without a rebound.
1:50 of 2nd period - Jordy Bellerive wins face-off versus Riley Nash in Crunch zone.
1:50 of 2nd period - Jordy Bellerive is hit by Jaycob Megna.
1:56 of 2nd period - Shot by Julius Bergman.
1:56 of 2nd period - Goal by Julius Bergman - Crunch : 0 - Barracuda : 2.
1:57 of 2nd period - Jordy Bellerive wins face-off versus Mason Shaw in neutral zone.
2:01 of 2nd period - Off-side.
2:02 of 2nd period - Adam Cracknell wins face-off versus Riley Nash in neutral zone.
2:05 of 2nd period - Riley Nash is hit by Adam Cracknell and loses puck.
2:10 of 2nd period - Shot by Nicolas Meloche.
2:10 of 2nd period - Stopped by Tyler Parsons without a rebound.
2:11 of 2nd period - Riley Nash wins face-off versus Alex Dostie in Crunch zone.
3:38 of 2nd period - Shot by Thomas Tynan.
3:38 of 2nd period - Goal by Thomas Tynan - Crunch : 1 - Barracuda : 2.
3:39 of 2nd period - Patrick Harper wins face-off versus Jordy Bellerive in neutral zone.
3:53 of 2nd period - Xavier Bouchard is hit by Julius Bergman and loses puck.
4:18 of 2nd period - Patrick Harper is hit by Julius Bergman and loses puck.
4:48 of 2nd period - Shot by Alex Dostie.
4:48 of 2nd period - Shot Misses the Net.
4:50 of 2nd period - Shot by Alexis D'Aoust.
4:50 of 2nd period - Goal by Alexis D'Aoust - Crunch : 1 - Barracuda : 3.
4:51 of 2nd period - Brendan Warren wins face-off versus Thomas Tynan in neutral zone.
4:56 of 2nd period - Shot by Brendan Warren.
4:56 of 2nd period - Stopped by Tyler Parsons without a rebound.
4:57 of 2nd period - Adam Cracknell wins face-off versus Thomas Tynan in Crunch zone.
5:12 of 2nd period - Shot by Jean-Christophe Beaudin.
5:12 of 2nd period - Deflect By Blaine Byron.
5:12 of 2nd period - Shot Blocked by Robert Bortuzzo.
5:14 of 2nd period - Shot by Connor Corcoran.
5:14 of 2nd period - Shot Blocked by Adam Cracknell .
5:16 of 2nd period - Shot by Thomas Tynan.
5:16 of 2nd period - Stopped by Joel Rumpel without a rebound.
5:17 of 2nd period - Alex Dostie wins face-off versus Riley Nash in Barracuda zone.
5:41 of 2nd period - Icing by Jaycob Megna.
5:42 of 2nd period - Riley Nash wins face-off versus Adam Cracknell in Crunch zone.
5:42 of 2nd period - Riley Nash is hit by Brendan Warren.
5:50 of 2nd period - Shot by Mason Shaw.
5:50 of 2nd period - Stopped by Joel Rumpel without a rebound.
5:51 of 2nd period - Thomas Tynan wins face-off versus Adam Cracknell in Barracuda zone.
5:52 of 2nd period - Shot by Jean-Christophe Beaudin.
5:52 of 2nd period - Deflect By Blaine Byron.
5:52 of 2nd period - Shot Misses the Net.
6:08 of 2nd period - Shot by Brendan Warren.
6:08 of 2nd period - Stopped by Tyler Parsons without a rebound.
6:09 of 2nd period - Alex Dostie wins face-off versus Riley Nash in Crunch zone.
6:30 of 2nd period - Shot by Alexis D'Aoust.
6:30 of 2nd period - Shot Blocked by Austin Strand.
6:32 of 2nd period - Shot by Graham Knott.
6:32 of 2nd period - Stopped by Tyler Parsons without a rebound.
6:33 of 2nd period - Thomas Tynan wins face-off versus Adam Cracknell in Crunch zone.
6:33 of 2nd period - Thomas Tynan is hit by Matthew Phillips.
7:01 of 2nd period - Shot by Brendan Warren.
7:01 of 2nd period - Shot Misses the Net.
7:16 of 2nd period - Shot by Brendan Warren.
7:16 of 2nd period - Deflect By Adam Cracknell .
7:16 of 2nd period - Stopped by Tyler Parsons without a rebound.
7:17 of 2nd period - Riley Nash wins face-off versus Alex Dostie in Crunch zone.
7:21 of 2nd period - Icing by Mike Vecchione.
7:22 of 2nd period - Riley Nash wins face-off versus Alex Dostie in Crunch zone.
7:22 of 2nd period - Riley Nash is hit by Alexis D'Aoust.
8:41 of 2nd period - Shot by Garnet Hathaway.
8:41 of 2nd period - Stopped by Joel Rumpel without a rebound.
8:42 of 2nd period - Adam Cracknell wins face-off versus Thomas Tynan in Barracuda zone.
8:42 of 2nd period - Adam Cracknell is hit by Thomas Tynan.
8:45 of 2nd period - Brendan Warren is hit by Jean-Christophe Beaudin and loses puck.
8:49 of 2nd period - Robert Bortuzzo is hit by Axel Andersson.
8:52 of 2nd period - Adam Cracknell is hit by Connor Corcoran and loses puck.
8:57 of 2nd period - Shot by Adam Cracknell .
8:57 of 2nd period - Deflect By Brendan Warren.
8:57 of 2nd period - Shot Misses the Net.
9:16 of 2nd period - Minor Penalty to Matthew Phillips for Roughing.
9:17 of 2nd period - Adam Cracknell wins face-off versus Jean-Christophe Beaudin in Barracuda zone.
10:17 of 2nd period - Shot by Axel Andersson.
10:17 of 2nd period - Stopped by Joel Rumpel without a rebound.
10:18 of 2nd period - Adam Cracknell wins face-off versus Thomas Tynan in Barracuda zone.
10:37 of 2nd period - Shot by Thomas Tynan.
10:37 of 2nd period - Shot Misses the Net.
11:11 of 2nd period - Shot by Austin Strand.
11:11 of 2nd period - Shot Misses the Net.
11:13 of 2nd period - Shot by Austin Strand.
11:13 of 2nd period - Stopped by Joel Rumpel with a rebound.
11:25 of 2nd period - Shot by Garnet Hathaway.
11:25 of 2nd period - Goal by Garnet Hathaway - Crunch : 2 - Barracuda : 3.
11:26 of 2nd period - Patrick Harper wins face-off versus Adam Cracknell in neutral zone.
11:43 of 2nd period - Shot by Patrick Harper.
11:43 of 2nd period - Shot Misses the Net.
12:38 of 2nd period - Shot by Fredrik Olofsson.
12:38 of 2nd period - Stopped by Tyler Parsons without a rebound.
12:39 of 2nd period - Thomas Tynan wins face-off versus Alex Dostie in Crunch zone.
13:07 of 2nd period - Shot by Jean-Christophe Beaudin.
13:07 of 2nd period - Stopped by Joel Rumpel without a rebound.
13:08 of 2nd period - Jordy Bellerive wins face-off versus Patrick Harper in Barracuda zone.
13:24 of 2nd period - Off-side.
13:25 of 2nd period - Alex Dostie wins face-off versus Riley Nash in neutral zone.
13:47 of 2nd period - Graham Knott is hit by Mason Shaw and loses puck.
14:12 of 2nd period - Shot by Fredrik Olofsson.
14:12 of 2nd period - Shot Hit the Post.
14:45 of 2nd period - Jean-Christophe Beaudin is hit by Andrei Altybarmakyan.
14:51 of 2nd period - Shot by Thomas Tynan.
14:51 of 2nd period - Shot Misses the Net.
14:53 of 2nd period - Shot by Thomas Tynan.
14:53 of 2nd period - Stopped by Joel Rumpel without a rebound.
14:54 of 2nd period - Adam Cracknell wins face-off versus Patrick Harper in Barracuda zone.
15:24 of 2nd period - Shot by Patrick Harper.
15:24 of 2nd period - Stopped by Joel Rumpel without a rebound.
15:25 of 2nd period - Alex Dostie wins face-off versus Jean-Christophe Beaudin in Barracuda zone.
15:36 of 2nd period - Shot by Alex Dostie.
15:36 of 2nd period - Deflect By Alexis D'Aoust.
15:36 of 2nd period - Goal by Alexis D'Aoust - Crunch : 2 - Barracuda : 4.
15:36 of 2nd period - Magnus Chrona enters game.
15:37 of 2nd period - Alex Dostie wins face-off versus Riley Nash in neutral zone.
16:18 of 2nd period - Robert Bortuzzo is hit by Mason Shaw and loses puck.
17:17 of 2nd period - Shot by Matthew Phillips.
17:17 of 2nd period - Stopped by Magnus Chrona with a rebound.
Goals for this period are 2 for Crunch vs 3 for Barracuda.
Shots for this period are 12 for Crunch vs 11 for Barracuda.

3rd period


0:01 of 3rd period - Riley Nash wins face-off versus Adam Cracknell in neutral zone.
0:06 of 3rd period - Shot by Mason Shaw.
0:06 of 3rd period - Shot Misses the Net.
0:09 of 3rd period - Icing by Brendan Warren.
0:10 of 3rd period - Adam Cracknell wins face-off versus Thomas Tynan in Barracuda zone.
0:30 of 3rd period - Jean-Christophe Beaudin is hit by Nicolas Meloche and loses puck.
0:41 of 3rd period - Shot by Blaine Byron.
0:41 of 3rd period - Shot Blocked by Matthew Phillips.
0:59 of 3rd period - Icing by Matthew Phillips.
1:00 of 3rd period - Adam Cracknell wins face-off versus Riley Nash in Barracuda zone.
1:00 of 3rd period - Adam Cracknell is hit by Riley Nash.
2:43 of 3rd period - Shot by Fredrik Olofsson.
2:43 of 3rd period - Shot Misses the Net.
2:50 of 3rd period - Shot by Jordy Bellerive.
2:50 of 3rd period - Shot Blocked by Mikko Kokkonen.
2:52 of 3rd period - Shot by Andrei Altybarmakyan.
2:52 of 3rd period - Shot Misses the Net.
2:56 of 3rd period - Shot by Jordy Bellerive.
2:56 of 3rd period - Stopped by Magnus Chrona without a rebound.
2:57 of 3rd period - Adam Cracknell wins face-off versus Thomas Tynan in Crunch zone.
3:05 of 3rd period - Minor Penalty to Jean-Christophe Beaudin for Tripping.
3:06 of 3rd period - Adam Cracknell wins face-off versus Riley Nash in Crunch zone.
4:00 of 3rd period - Shot by Scott Harrington.
4:00 of 3rd period - Shot Misses the Net.
4:02 of 3rd period - Shot by Alexis D'Aoust.
4:02 of 3rd period - Shot Misses the Net.
4:52 of 3rd period - Shot by Nicolas Meloche.
4:52 of 3rd period - Shot Misses the Net.
5:02 of 3rd period - Scott Harrington is hit by Garnet Hathaway and loses puck.
5:18 of 3rd period - Shot by Kody Clark.
5:18 of 3rd period - Shot Misses the Net.
5:20 of 3rd period - Shot by Blake McLaughlin.
5:20 of 3rd period - Goal by Blake McLaughlin - Crunch : 3 - Barracuda : 4.
5:21 of 3rd period - Thomas Tynan wins face-off versus Jordy Bellerive in neutral zone.
5:23 of 3rd period - Off-side.
5:24 of 3rd period - Mike Vecchione wins face-off versus Jordy Bellerive in neutral zone.
5:56 of 3rd period - Shot by Julius Bergman.
5:56 of 3rd period - Stopped by Magnus Chrona without a rebound.
5:57 of 3rd period - Thomas Tynan wins face-off versus Adam Cracknell in Crunch zone.
6:41 of 3rd period - Adam Cracknell is hit by Blaine Byron and loses puck.
6:55 of 3rd period - Icing by Axel Andersson.
6:56 of 3rd period - Alex Dostie wins face-off versus Thomas Tynan in Crunch zone.
7:06 of 3rd period - Minor Penalty to Graham Knott for Cross-checking.
7:07 of 3rd period - Adam Cracknell wins face-off versus Kody Clark in Barracuda zone.
8:01 of 3rd period - Thomas Tynan is hit by Brendan Warren and loses puck.
8:05 of 3rd period - Off-side.
8:06 of 3rd period - Adam Cracknell wins face-off versus Thomas Tynan in neutral zone.
8:15 of 3rd period - Shot by Thomas Tynan.
8:15 of 3rd period - Shot Blocked by Nicolas Meloche.
8:31 of 3rd period - Shot by Nicolas Aube-Kubel.
8:31 of 3rd period - Shot Blocked by Adam Cracknell .
8:59 of 3rd period - Shot by Alex Dostie.
8:59 of 3rd period - Deflect By Matthew Phillips.
8:59 of 3rd period - Stopped by Magnus Chrona without a rebound.
9:00 of 3rd period - Jean-Christophe Beaudin wins face-off versus Matthew Phillips in Crunch zone.
9:08 of 3rd period - Mason Shaw is hit by Julius Bergman and loses puck.
9:11 of 3rd period - Shot by Garnet Hathaway.
9:11 of 3rd period - Shot Misses the Net.
9:12 of 3rd period - Minor Penalty to Julius Bergman for Interference.
9:13 of 3rd period - Jean-Christophe Beaudin wins face-off versus Adam Cracknell in Barracuda zone.
9:22 of 3rd period - Shot by Connor Corcoran.
9:22 of 3rd period - Stopped by Joel Rumpel without a rebound.
9:23 of 3rd period - Thomas Tynan wins face-off versus Matthew Phillips in Barracuda zone.
9:27 of 3rd period - Thomas Tynan is hit by Nicolas Meloche and loses puck.
9:49 of 3rd period - Icing by Austin Strand.
9:50 of 3rd period - Adam Cracknell wins face-off versus Thomas Tynan in Crunch zone.
9:51 of 3rd period - Shot by Andy Welinski.
9:51 of 3rd period - Stopped by Magnus Chrona without a rebound.
9:52 of 3rd period - Jean-Christophe Beaudin wins face-off versus Adam Cracknell in Crunch zone.
10:41 of 3rd period - Shot by Austin Strand.
10:41 of 3rd period - Stopped by Joel Rumpel with a rebound.
10:43 of 3rd period - Shot by Austin Strand.
10:43 of 3rd period - Stopped by Joel Rumpel with a rebound.
10:45 of 3rd period - Shot by Nicolas Aube-Kubel.
10:45 of 3rd period - Shot Misses the Net.
11:23 of 3rd period - Shot by Andrei Altybarmakyan.
11:23 of 3rd period - Shot Misses the Net.
11:33 of 3rd period - Shot by Julius Bergman.
11:33 of 3rd period - Shot Misses the Net.
11:35 of 3rd period - Shot by Jordy Bellerive.
11:35 of 3rd period - Deflect By Fredrik Olofsson.
11:35 of 3rd period - Stopped by Magnus Chrona without a rebound.
11:36 of 3rd period - Mike Vecchione wins face-off versus Adam Cracknell in Crunch zone.
11:55 of 3rd period - Shot by Adam Cracknell .
11:55 of 3rd period - Stopped by Magnus Chrona without a rebound.
11:56 of 3rd period - Patrick Harper wins face-off versus Jordy Bellerive in Crunch zone.
12:05 of 3rd period - Shot by Paul Bittner.
12:05 of 3rd period - Stopped by Joel Rumpel without a rebound.
12:06 of 3rd period - Riley Nash wins face-off versus Alex Dostie in Barracuda zone.
12:16 of 3rd period - Minor Penalty to Riley Nash for Interference.
12:17 of 3rd period - Jean-Christophe Beaudin wins face-off versus Adam Cracknell in Crunch zone.
12:32 of 3rd period - Adam Cracknell is hit by Garnet Hathaway and loses puck.
12:57 of 3rd period - Shot by Brendan Warren.
12:57 of 3rd period - Shot Misses the Net.
13:21 of 3rd period - Icing by Andy Welinski.
13:22 of 3rd period - Blaine Byron wins face-off versus Alex Dostie in Barracuda zone.
15:38 of 3rd period - Shot by Garnet Hathaway.
15:38 of 3rd period - Shot Misses the Net.
15:40 of 3rd period - Shot by Paul Bittner.
15:40 of 3rd period - Stopped by Joel Rumpel without a rebound.
15:41 of 3rd period - Alex Dostie wins face-off versus Jean-Christophe Beaudin in Barracuda zone.
15:51 of 3rd period - Alexis D'Aoust is hit by Jean-Christophe Beaudin and loses puck.
16:10 of 3rd period - Shot by Graham Knott.
16:10 of 3rd period - Stopped by Magnus Chrona without a rebound.
16:11 of 3rd period - Brendan Warren wins face-off versus Riley Nash in Crunch zone.
16:11 of 3rd period - Matthew Phillips is hit by Jaycob Megna and loses puck.
16:26 of 3rd period - Shot by Matthew Phillips.
16:26 of 3rd period - Deflect By Brendan Warren.
16:26 of 3rd period - Goal by Brendan Warren - Crunch : 3 - Barracuda : 5.
16:27 of 3rd period - Mike Vecchione wins face-off versus Jordy Bellerive in neutral zone.
16:32 of 3rd period - Shot by Mike Vecchione.
16:32 of 3rd period - Shot Misses the Net.
16:34 of 3rd period - Shot by Xavier Bouchard.
16:34 of 3rd period - Shot Misses the Net.
16:36 of 3rd period - Shot by Mikko Kokkonen.
16:36 of 3rd period - Deflect By Mike Vecchione.
16:36 of 3rd period - Stopped by Joel Rumpel without a rebound.
16:37 of 3rd period - Adam Cracknell wins face-off versus Thomas Tynan in Barracuda zone.
16:58 of 3rd period - Shot by Brendan Warren.
16:58 of 3rd period - Stopped by Magnus Chrona without a rebound.
16:59 of 3rd period - Alex Dostie wins face-off versus Riley Nash in Crunch zone.
16:59 of 3rd period - Andy Welinski is hit by Austin Strand and loses puck.
17:23 of 3rd period - Minor Penalty to Jaycob Megna for Roughing.
17:24 of 3rd period - Adam Cracknell wins face-off versus Garnet Hathaway in Crunch zone.
17:24 of 3rd period - Adam Cracknell is hit by Connor Corcoran.
17:26 of 3rd period - Shot by Nicolas Meloche.
17:26 of 3rd period - Stopped by Magnus Chrona without a rebound.
17:27 of 3rd period - Adam Cracknell wins face-off versus Riley Nash in Crunch zone.
17:28 of 3rd period - Shot by Brendan Warren.
17:28 of 3rd period - Shot Blocked by Riley Nash.
17:30 of 3rd period - Shot by Adam Cracknell .
17:30 of 3rd period - Shot Misses the Net.
17:32 of 3rd period - Shot by Nicolas Meloche.
17:32 of 3rd period - Shot Misses the Net.
17:34 of 3rd period - Shot by Adam Cracknell .
17:34 of 3rd period - Goal by Adam Cracknell - Crunch : 3 - Barracuda : 6.
17:35 of 3rd period - Adam Cracknell wins face-off versus Thomas Tynan in neutral zone.
17:47 of 3rd period - Shot by Brendan Warren.
17:47 of 3rd period - Shot Misses the Net.
17:58 of 3rd period - Icing by Blaine Byron.
17:59 of 3rd period - Alex Dostie wins face-off versus Thomas Tynan in Crunch zone.
18:11 of 3rd period - Minor Penalty to Graham Knott for Delaying the game.
18:12 of 3rd period - Adam Cracknell wins face-off versus Jean-Christophe Beaudin in Barracuda zone.
18:12 of 3rd period - Adam Cracknell is hit by Jean-Christophe Beaudin.
19:08 of 3rd period - Shot by Thomas Tynan.
19:08 of 3rd period - Shot Blocked by Robert Bortuzzo.
19:10 of 3rd period - Shot by Nicolas Aube-Kubel.
19:10 of 3rd period - Shot Misses the Net.
19:12 of 3rd period - Shot by Thomas Tynan.
19:12 of 3rd period - Deflect By Blaine Byron.
19:12 of 3rd period - Stopped by Joel Rumpel without a rebound.
19:13 of 3rd period - Thomas Tynan wins face-off versus Adam Cracknell in Barracuda zone.
19:20 of 3rd period - Shot by Nicolas Aube-Kubel.
19:20 of 3rd period - Shot Misses the Net.
19:22 of 3rd period - Shot by Blaine Byron.
19:22 of 3rd period - Stopped by Joel Rumpel without a rebound.
19:23 of 3rd period - Adam Cracknell wins face-off versus Jean-Christophe Beaudin in Barracuda zone.
19:50 of 3rd period - Shot by Mike Vecchione.
19:50 of 3rd period - Shot Misses the Net.
Goals for this period are 1 for Crunch vs 2 for Barracuda.
Shots for this period are 9 for Crunch vs 11 for Barracuda.